 Dungeon Crawl Stone Soup version 0.25-a0-937-gcfae464cf3 (webtiles) character file.

Game seed: 1311349157981267446, levelgen mode: deterministic

643 Hasart the Slasher (level 7, -2/49 HPs)
             Began as an Octopode Fighter on May 4, 2020.
             Was an Initiate of Gozag.
             Slain by an orc
             ... wielding a +0 short sword
              (6 damage)
             ... on level 5 of the Dungeon.
             The game lasted 00:07:51 (4128 turns).

Hasart the Slasher (Octopode Fighter)               Turns: 4128, Time: 00:07:51

Health: -2/49      AC:  1    Str: 17    XL:     7   Next: 51%
Magic:  8/8        EV: 13    Int: 10    God:    Gozag
Gold:   191        SH:  9    Dex: 12    Spells: 6/6 levels left

rFire    . . .     SeeInvis .   a - +0 long sword
rCold    . . .     Gourm    .   b - +0 kite shield
rNeg     . . .     Faith    .   (helmet restricted)
rPois    .         Spirit   .   (no amulet)
rElec    .         Reflect  .   t - ring of flight
rCorr    .         Harm     .   (no ring)
MR       .....                  (no ring)
Stlth    ++........             (no ring)
HPRegen  0.16/turn              (no ring)
MPRegen  0.11/turn              (no ring)
                                (no ring)
                                (no ring)

@: gold aura
A: almost no armour, stealthy swim, amphibious, 8 rings, constrict 8, camouflage
1, gelatinous body 1
a: Potion Petition, Call Merchant, Bribe Branch, Renounce Religion, Evoke Flight


You were on level 5 of the Dungeon.
You worshipped Gozag.
Gozag was aware of your devotion.
You were not hungry.

You visited 1 branch of the dungeon, and saw 5 of its levels.

You collected 209 gold pieces.
You paid 18 gold pieces to Gozag.

Inventory:

Hand Weapons
 a - a +0 long sword (weapon)
Armour
 b - a +0 kite shield (worn)
Jewellery
 n - an uncursed ring of ice
 t - a ring of flight (left tentacle)
Wands
 r - a wand of enslavement (8)
 s - a wand of polymorph (3)
Scrolls
 e - 2 scrolls of immolation {unknown}
 f - 3 scrolls of remove curse {unknown}
 g - 6 scrolls of identify {unknown}
 h - a scroll of fog {unknown}
 i - a scroll of fear {unknown}
 j - a scroll of teleportation {unknown}
 l - 2 scrolls of enchant armour {unknown}
 o - a scroll of amnesia {unknown}
Potions
 c - a potion of might
 m - a potion of flight {unknown}
 p - a potion of curing {unknown}
 q - a potion of brilliance {unknown}
Comestibles
 d - 4 rations


   Skills:
 + Level 4.5 Fighting
 * Level 5.1 Long Blades
 + Level 4.5 Dodging
 + Level 4.4 Shields
 + Level 2.0 Evocations


You had 6 spell levels left.
You didn't know any spells.
Your spell library was empty.

Dungeon Overview and Level Annotations

Branches:
Dungeon (5/15)
 Temple: D:4-7

Altars:
Gozag
Hepliaklqana
Okawaru
The Shining One


Innate Abilities, Weirdness & Mutations

You cannot wear most types of armour.
You are very stealthy in the water. (Stealth+)
You are amphibious.
You can wear up to eight rings at the same time.
You can use your tentacles to constrict eight enemies at once.
Your skin changes colour to match your surroundings (Stealth+).
Your rubbery body absorbs attacks. (AC +1, EV +1)


Message History

The orc hits you.
* * * LOW HITPOINT WARNING * * *
The leopard gecko closely misses you.
You riposte.
You slash the leopard gecko!
You kill the leopard gecko!
You hit the ogre but do no damage.
The ogre is heavily wounded.
The ogre closely misses you.
You riposte.
You slash the ogre! You squeeze the ogre.
You kill the ogre!
Your Long Blades skill increases to level 5!
Your Evocations skill increases to level 2!
You block the orc's attack. The adder bites you.
* * * LOW HITPOINT WARNING * * *
The orc hits you with a +0 short sword.
* * * LOW HITPOINT WARNING * * *
It was a potion of cancellation.
You feel magically purged. You block the orc's attack.
The adder barely misses you. The orc hits you with a +0 short sword.
You die...
Your body crumbles into a pile of gold.

#..####.## #### #..# #
...# #...####..# ###....
#....#....## ##.....
#.........# #....#
####)#....#####.>..## .
#....#...## #.......#...
#........# ##..oo..o..#
..##...### ##.$.@$o.....
...#..######.)...S...#..
.......#.##.)..#....##
..#...........###....# #
###...#...### ...##
#####..## ..... #..#
###... ..... .#. ###....


You could see an adder and 4 orcs.

Vanquished Creatures
  An ogre (D:5)
  Blork the orc (D:4)
  A howler monkey (D:5)
  A crimson imp (D:5)
  An orc priest (D:3)
  Jessica (D:2)
  Terence (D:2)
  Natasha (thrice) (D:2)
  An orc wizard (D:3)
  2 worker ants (D:4)
  A hound skeleton (D:4)
  3 gnolls (D:5)
  5 adders
  3 oozes (D:2)
  2 worms
  A dart slug (D:3)
  4 leopard geckos
  4 orcs (D:3)
  9 bats
  5 giant cockroaches
  6 goblins
  6 hobgoblins
  4 jackals
  4 quokkas
  A ball python (D:4)
  3 frilled lizards
  A jackal zombie (D:5)
  6 kobolds
  7 rats
88 creatures vanquished.

Vanquished Creatures (collateral kills)
  A jackal (D:4)
1 creature vanquished.

Grand Total: 89 creatures vanquished

Notes
Turn   | Place    | Note
-------+----------+-------------------------------------------
     0 | D:1      | Hasart the Octopode Fighter began the quest for the Orb.
     0 | D:1      | Reached XP level 1. HP: 16/16 MP: 1/1
   105 | D:1      | Reached XP level 2. HP: 21/21 MP: 2/2
   590 | D:1      | You fall into a shaft and drop 1 floor!
   654 | D:2      | Noticed Natasha
   662 | D:1      | Reached XP level 3. HP: 21/26 MP: 3/3
   914 | D:2      | Killed Natasha
   914 | D:2      | Reached skill level 3 in Long Blades
   914 | D:2      | Reached XP level 4. HP: 18/31 MP: 4/4
  1087 | D:2      | Noticed Natasha
  1093 | D:2      | Killed Natasha
  1529 | D:2      | Noticed Terence
  1540 | D:2      | Killed Terence
  1540 | D:2      | Reached XP level 5. HP: 25/37 MP: 5/5
  1675 | D:2      | Noticed Natasha
  1683 | D:2      | Killed Natasha
  2003 | D:2      | Noticed Jessica
  2009 | D:2      | Killed Jessica
  2365 | D:3      | Reached skill level 4 in Long Blades
  2601 | D:3      | Reached XP level 6. HP: 43/43 MP: 6/6
  2641 | D:3      | Found a glowing golden altar of the Shining One.
  2977 | D:3      | Found a faded altar of an unknown god.
  2977 | D:3      | Found an iron altar of Okawaru.
  2982 | D:3      | Found a hazy altar of Hepliaklqana.
  2985 | D:3      | Found a faded altar of an unknown god.
  2986 | D:3      | Found an opulent altar of Gozag.
  2992 | D:3      | Became a worshipper of Gozag Ym Sagoz the Greedy
  3369 | D:3      | Found a faded altar of an unknown god.
  3654 | D:4      | Noticed Blork the orc
  3662 | D:4      | Killed Blork the orc
  3662 | D:4      | Reached skill level 1 in Evocations
  3692 | D:4      | Noticed a phantom
  3696 | D:4      | Reached XP level 7. HP: 32/48 MP: 7/7
  3804 | D:5      | Entered Level 5 of the Dungeon
  4127 | D:5      | Reached skill level 5 in Long Blades
  4128 | D:5      | Slain by an orc

Levels and vault maps discovered:
D:1:      heliophobic_arrival_henge, layout_basic
D:2:      layout_basic, kennysheep_boxes, uniq_terence, uniq_jessica,
          uniq_natasha
D:3:      layout_basic, chequers_temple_overflow_minitemple,
          chequers_ecumenical_altar_island, tso_altar
D:4:      layout_basic, minmay_shop_mass, minmay_stone_trees_small,
          uniq_crazy_yiuf_cottage, uniq_blork_the_orc
D:5:      layout_cave_pools, first_ration, uniq_ijyb

Skill      XL: |  1  2  3  4  5  6  7 |
---------------+----------------------+-----
Long Blades    | 3 4 5 |  5.1
Fighting       | 4 |  4.5
Dodging        | 4 |  4.5
Shields        | 4 |  4.4
Evocations     | 1 2 |  2.0

Action                   |  1- 3 |  4- 6 |  7- 9 || total
-------------------------+-------+-------+-------++-------
Melee: Long sword        |    33 |   107 |    33 ||   173
       Tentacles         |     4 |    22 |     8 ||    34
       Constrict         |     7 |    33 |     5 ||    45
Evoke: Wand              |       |       |     2 ||     2
  Use: Potion            |       |       |     1 ||     1
 Stab: Sleeping          |     2 |     7 |       ||     9
       Distracted        |       |     1 |       ||     1
  Eat: Chunk             |       |     7 |       ||     7
       Ration            |       |     1 |       ||     1
Armor: Skin              |     3 |    13 |       ||    16
Dodge: Dodged            |    11 |    58 |    17 ||    86
Block: Kite shield       |    10 |    58 |    15 ||    83
       Rpst.: Long sword |     3 |    22 |     6 ||    31

Table legend:
 A = Non-vault XP
 B = Vault XP
 C = Vault XP percentage of total XP
 D = Non-vault monster count
 E = Vault monster count
 F = Vault count percentage of total count
                 A         B        C        D         E       F
            +---------+---------+-------+---------+---------+-------
      Total |     721 |     198 |  21.5 |      85 |       4 |   4.5
            +---------+---------+-------+---------+---------+-------
        D:1 |      39 |       0 |   0.0 |      16 |       0 |   0.0
        D:2 |     151 |     108 |  41.7 |      31 |       3 |   8.8
        D:3 |     155 |       0 |   0.0 |      22 |       0 |   0.0
        D:4 |      89 |      90 |  50.3 |       6 |       1 |  14.3
        D:5 |     287 |       0 |   0.0 |      10 |       0 |   0.0
            +---------+---------+-------+---------+---------+-------
